 Dungeon Crawl Stone Soup version 0.31-a0-1589-g8f5e8aebd6 (webtiles) character file.

Game seed: 8780022976165967078

172865 MackTheKnife the Slayer (level 18, -3/224 HPs)
             Began as an Oni Brigand on Jan 5, 2024.
             Was a High Priest of Okawaru.
             Killed from afar by Mara (illusionary) (54 damage)
             ... with a bolt of fire
             ... on level 4 of the Spider Nest.
             The game lasted 00:45:50 (35878 turns).

MackTheKnife the Slayer (Oni Brigand)              Turns: 35878, Time: 00:45:50

Health: -3/224     AC: 16    Str: 20    XL:     18   Next: 4%
Magic:  25/25      EV: 20    Int: 14    God:    Okawaru [*****.]
Gold:   1243       SH: 14    Dex: 14    Spells: 17/17 levels left

rFire   . . .        N - +8 demon trident "Rift" {distort, reach+, polearm}
rCold   . . .        i - +0 kite shield
rNeg    . . .        M - +0 acid dragon scales
rPois   +            f - +1 hat "Vofruuto" {Will+ rCorr Str-2 Int+2}
rElec   .            k - +2 cloak {rPois}
rCorr   +            (gloves unavailable)
SInv    .            (boots unavailable)
Will    ++...        r - amulet of magic regeneration {@e2}
Stlth   +++          G - +5 ring of evasion
HPRegen 0.57/turn    Q - +4 ring of protection
MPRegen 0.59/turn

%: no passive effects
@: heroic, invisible
A: large, unfitting armour, horns 1, tough skin 1, double potion healing,
drunken brawling
a: Renounce Religion, Heroism, Finesse, Duel


You were on level 4 of the Spider Nest.
You worshipped Okawaru.
Okawaru was extremely pleased with you.
You visited 5 branches of the dungeon, and saw 27 of its levels.

You collected 4589 gold pieces.
You spent 3346 gold pieces at shops.


Innate Abilities, Weirdness & Mutations

You are too large for most types of armour.
You have a pair of small horns on your head.
You have tough skin. (AC +1)
You gain doubled healing and magic from potions.
Whenever you drink a healing potion, you attack all around you.


   Skills:
 - Level 24.0(27) Fighting
 - Level 1.7(6.7) Short Blades
 - Level 14.3(21.2) Axes
 - Level 12.9(20.5) Polearms
 - Level 2.0(7.0) Throwing
 - Level 10.0(15.0) Dodging
 - Level 2.9(7.9) Stealth
 - Level 12.0(17.0) Shields
 - Level 10.0 Invocations
 + Level 8.3 Shapeshifting


You had 17 spell levels left.
You didn't know any spells.
Your spell library contained the following spells:

 Spells                   Type           Power      Damage    Failure   Level
 Freeze                   Ice            0%         1d3       47%         1
 Magic Dart               Conj           0%         1d3       47%         1
 Blink                    Tloc           0%         N/A       63%         2
 Ensorcelled Hibernation  Hex/Ice        0%         N/A       63%         2
 Lesser Beckoning         Tloc           0%         N/A       63%         2
 Mercury Vapours          Alch/Air       0%         N/A       63%         2
 Momentum Strike          Conj/Tloc      0%         3d8       63%         2
 Searing Ray              Conj           0%         2d4       63%         2
 Sublimation of Blood     Necr           0%         N/A       63%         2
 Frozen Ramparts          Ice            0%         1d1       85%         3
 Fugue of the Fallen      Necr           0%         N/A       85%         3
 Gell's Gravitas          Tloc           0%         N/A       85%         3
 Hailstorm                Conj/Ice       0%         3d5       85%         3
 Inner Flame              Hex/Fire       0%         N/A       85%         3
 Mephitic Cloud           Conj/Alch/Air  0%         N/A       85%         3
 Stone Arrow              Conj/Erth      0%         3d7       85%         3
 Teleport Other           Tloc           0%         N/A       85%         3
 Anguish                  Hex/Necr       0%         N/A       99%         4
 Flame Wave               Conj/Fire      0%         2d4       99%         4
 Fulminant Prism          Conj/Alch      0%         3d5       99%         4
 Sticky Flame             Fire/Alch      0%         2d4       99%         4
 Freezing Cloud           Conj/Ice/Air   0%         6-21      100%        5
 Irradiate                Conj/Alch      0%         3d11      100%        5
 Lee's Rapid Deconstruct  Erth           0%         3d4*      100%        5
 Dispersal                Tloc           0%         N/A       100%        6
 Ignition                 Fire           0%         3d3       100%        8
 Lehudib's Crystal Spear  Conj/Erth      0%         10d2      100%        8
 Call Imp                 Summ           Unusable   N/A       N/A         2
 Animate Armour           Summ/Erth      Unusable   N/A       N/A         4
 Summon Lightning Spire   Summ/Air       Unusable   N/A       N/A         4
 Summon Forest            Summ/Tloc      Unusable   N/A       N/A         5
 Summon Mana Viper        Hex/Summ       Unusable   N/A       N/A         5
 Summon Cactus Giant      Summ           Unusable   N/A       N/A         6
 Summon Hydra             Summ           Unusable   N/A       N/A         7

Inventory:

Hand Weapons
 N - the +8 demon trident "Rift" (weapon) {distort, reach+, polearm}
   (You bought it in a shop on level 2 of the Orcish Mines)
Missiles
 e - 2 curare-tipped darts (quivered) {=fthrowing}
Armour
 f - the +1 hat "Vofruuto" (worn) {Will+ rCorr Str-2 Int+2}
   (Okawaru gifted it to you on level 2 of the Lair of Beasts)

   Str-2:     It affects your strength (-2).
   Int+2:     It affects your intelligence (+2).
   Will+:     It increases your willpower.
   rCorr:     It protects you from acid and corrosion.
 i - a +0 kite shield (worn)
   (You found it on level 1 of the Dungeon)
 k - a +2 cloak of poison resistance (worn)
   (You found it on level 2 of the Orcish Mines)
 M - +0 acid dragon scales (worn)
   (You found it on level 10 of the Dungeon)
Jewellery
 b - a ring of flight
   (You found it on level 5 of the Lair of Beasts)
 r - an amulet of magic regeneration (around neck) {@e2}
   (You found it on level 13 of the Dungeon)
 x - a ring of protection from cold
   (You found it on level 3 of the Dungeon)
 G - a +5 ring of evasion (left hand)
   (You found it on level 5 of the Dungeon)
 Q - a +4 ring of protection (right hand)
   (You found it on level 1 of the Spider Nest)
Talismans
 z - a granite talisman
   (You found it on level 3 of the Spider Nest)
Wands
 p - a wand of roots (7)
   (You found it on level 12 of the Dungeon)
 q - a wand of light (5)
   (You found it on level 13 of the Dungeon)
 t - a wand of flame (28)
   (You found it on level 8 of the Dungeon)
 B - a wand of mindburst (18)
   (You found it on level 2 of the Orcish Mines)
 I - a wand of charming (24)
   (You found it on level 6 of the Dungeon)
 O - a wand of polymorph (10)
   (You found it on level 2 of the Lair of Beasts)
Scrolls
 c - 2 scrolls of enchant armour
 d - a scroll of silence {!r}
 m - 3 scrolls of poison {!r}
 n - 3 scrolls of fog
 y - 4 scrolls of fear
 D - 4 scrolls of revelation
 F - a scroll of teleportation {@r4}
 P - 7 scrolls of identify {@r1}
Potions
 a - 8 potions of attraction {!q}
 h - 8 potions of curing {@q1}
 j - 5 potions of might
 l - 2 potions of magic
 s - 6 potions of lignification {!q}
 u - 2 potions of invisibility
 w - 3 potions of mutation {!q}
 A - 2 potions of cancellation
 C - 2 potions of heal wounds {@q2}
 E - 4 potions of ambrosia
 H - a potion of resistance
 J - 4 potions of haste {@q3}
 K - 2 potions of berserk rage {!q}
 L - 2 potions of enlightenment
Miscellaneous
 o - a phial of floods (inert)
   (You found it on level 5 of the Lair of Beasts)
 R - a tin of tremorstones (1/2) {throwing}
   (You found it on level 2 of the Spider Nest)

Dungeon Overview and Level Annotations

Branches:
Dungeon (15/15) Zot: 25867  Temple (1/1) D:6 Zot: 5738    Lair (5/5) D:8 Zot: 23406
 Shoals (0/4) Lair:3       Spider (4/4) Lair:2 Zot: 17864   Slime (0/5) Lair:5
    Orc (2/2) D:10 Zot: 7763     Elf (0/3) Orc:2        Vaults (0/5) D:14
 Depths (0/4) D:15

Altars:
Ashenzari
Cheibriados
Dithmenos
Elyvilon
Fedhas
Gozag
Hepliaklqana
Kikubaaqudgha
Makhleb
Nemelex Xobeh
Okawaru
Qazlal
Ru
Sif Muna
Trog
Uskayaw
Vehumet
Wu Jian
Xom
Yredelemnul
Zin
The Shining One

Shops:
D:4 (   D:10 (   Orc:1 !   Orc:2 ([(?

Portals:
Trove: D:15 (give +4 ice dragon scales)

Annotations:
Temple 2 transporters
Spider:3 2 runed translucent doors, Isoiwki's ghost, adept GrEE
Spider:4 Mara

..s......# ## .........## ..#
..........##...
^.........#....
...s...........
...............
....^...........
......#.@.§.....
..................
................^..
.......R...........
..........s........
^.....§.@........... #
#~........§§..^.........
.###.........§§^.#.R.........
s............................


You could see 2 Maras, a wolf spider (wandering, unable to see you), 2 redbacks
and MackTheKnife's illusion (inner flame, unable to see you).


Message History

You headbutt the demonic crawler, but do no damage.
The demonic crawler is engulfed in blazing flames.
Flame seeps out of the demonic crawler.
You block the demonic crawler's attack.
The demonic crawler hits you but does no damage.
The demonic crawler completely misses you.
The redback barely misses you.
Mara hits you from afar with a +2 demon trident of pain!
You writhe in agony.
Mara blinks! 😕 HP[-10]
You take 10 damage, and now have 172/224 hp.
Reach: N) +8 demon trident "Rift" {distort, reach+, polearm}
Press: ? - help, Dir - move target, f/p - demonic crawler
Aim: a demonic crawler (flame, severely wounded, inner flame, about 14% to evade the +8 demon trident "Rift")
You stick the demonic crawler like a pincushion!!!
Okawaru accepts your kill.
The demonic crawler explodes!
The fiery explosion engulfs the culicivora!!
Okawaru accepts your kill.
The fiery explosion engulfs the wolf spider!!!
Flame seeps out of the wolf spider.
The fiery explosion engulfs the broodmother!!!
Flame seeps out of the broodmother.
The fiery explosion engulfs the redback!!!
Okawaru accepts your kill.
You can now enter into single combat with a foe.
Okawaru will now gift you throwing weapons as you gain piety.
The fiery explosion engulfs you!!!
The redback explodes!
The fiery explosion engulfs the spectral wolf spider!!
The fiery explosion engulfs the wolf spider!!!
Okawaru accepts your kill. The fiery explosion engulfs you!!
The wolf spider explodes!
The fiery explosion engulfs MackTheKnife's illusion but does no damage.
The fiery explosion engulfs the tarantella!!
The tarantella's corpse disappears in a puff of smoke!
The fiery explosion engulfs the orb spider!!
Flame seeps out of the orb spider.
The fiery explosion engulfs the spectral wolf spider!
The tarantella explodes!
The fiery explosion engulfs the spectral wolf spider!!
You destroy the spectral wolf spider!
Okawaru accepts your kill.
The fiery explosion engulfs the orb spider!!
The orb spider's corpse disappears in a puff of smoke!
The orb spider explodes!
The fiery explosion engulfs MackTheKnife's illusion!!
Flame seeps out of MackTheKnife's illusion.
The culicivora explodes!
The fiery explosion engulfs MackTheKnife's illusion but does no damage.
The fiery explosion engulfs the broodmother!!
Flame seeps out of the broodmother.
* * * LOW HITPOINT WARNING * * *
You hear a skittering sound.
The redback misses you.
Mara hits you from afar with a +2 demon trident of pain!
* * * LOW HITPOINT WARNING * * *
You writhe in agony.
* * * LOW HITPOINT WARNING * * *
Reach: N) +8 demon trident "Rift" {distort, reach+, polearm}
Press: ? - help, Dir - move target, f - broodmother
Aim: a broodmother (flame, heavily wounded, inner flame, unable to see you, about 10% to evade the +8 demon trident "Rift")
Okay, then. 😨 HP[-76]
You take 76 damage, and now have 96/224 hp.
MASSIVE DAMAGE!! (PAUSE) Unknown command.
You block the redback's attack. Mara gestures at you.
The bolt of fire misses you.
Mara blinks!
MackTheKnife's illusion passes through a web.
The broodmother is engulfed in blazing flames.
Flame seeps out of the broodmother.
Mara hits you from afar with a +2 demon trident of pain!
* * * LOW HITPOINT WARNING * * *
Unknown command. 😨 HP[-15]
You take 15 damage, and now have 81/224 hp.
Unknown command.
Unknown command.
Unknown command.
Blink to where?
Press: ? - help, Dir - move target
As you read the scroll of blinking {!r}, it crumbles to dust.
A wolf spider comes into view.
The broodmother is engulfed in blazing flames.
Flame seeps out of the broodmother.
Mara hits you from afar with a +2 demon trident of pain!!
* * * LOW HITPOINT WARNING * * *
You writhe in agony.
* * * LOW HITPOINT WARNING * * *
The wolf spider's many legs skitter. 😱 HP[-31]
You take 31 damage, and now have 50/224 hp.
Mara blinks!
There is a stone staircase leading up here.
Unknown command.
Mara gestures at you. The bolt of fire hits you!!!
You die...

Skill      XL: |  1  2  3  4  5  6  7  8  9 10 11 12 13 14 15 16 17 |
---------------+----------------------------------------------------+-----
Fighting       | 3 4 5 7 8 9 11 14 15 18 22 23 24 | 24.0
Dodging        | 3 5 8 9 10 | 10.0
Shields        | 6 8 9 10 11 12 | 12.0
Axes           | 6 10 14 | 14.3
Invocations    | 8 10 | 10.0
Polearms       | 1 11 12 | 12.9
Shapeshifting  | 8 |  8.3
Short Blades   | |  1.7
Throwing       | |  2.0
Stealth        | |  2.9

Action                     |  1- 3 |  4- 6 |  7- 9 | 10-12 | 13-15 | 16-18 || total
---------------------------+-------+-------+-------+-------+-------+-------++-------
  Melee: Dagger            |    81 |   153 |   358 |    43 |       |       ||   635
         Headbutt          |    18 |    26 |    91 |   274 |   537 |   148 ||  1094
         Punch             |     1 |     2 |     2 |       |       |       ||     5
         Flail             |       |       |    33 |       |       |       ||    33
         Quick blade       |       |       |       |  1086 |  1510 |       ||  2596
         Broad axe         |       |       |       |       |   186 |       ||   186
         Demon trident     |       |       |       |       |   464 |   969 ||  1433
  Throw: Dart              |     2 |     3 |    12 |     3 |     3 |     1 ||    24
 Invoke: Receive Weapon    |       |       |       |     1 |       |       ||     1
         Receive Armour    |       |       |       |     1 |       |       ||     1
         Heroism           |       |       |       |       |    14 |     5 ||    19
         Finesse           |       |       |       |       |    11 |     4 ||    15
  Evoke: Wand              |       |       |       |     8 |     5 |       ||    13
         Phial of floods   |       |       |       |       |     1 |     1 ||     2
         Tin of tremorston |       |       |       |       |       |     1 ||     1
    Use: Scroll            |       |     2 |     8 |    14 |    13 |     7 ||    44
         Potion            |       |       |     4 |       |     5 |     4 ||    13
   Stab: Sleeping          |     6 |     5 |     7 |     3 |     8 |     5 ||    34
         Distracted        |       |       |     1 |     2 |     4 |     3 ||    10
         Invisible         |       |       |       |     8 |     1 |       ||     9
 Armour: Robe              |    39 |   106 |   282 |   138 |       |       ||   565
         Steam dragon scal |       |       |       |    67 |       |       ||    67
         Acid dragon scale |       |       |       |   115 |   518 |   386 ||  1019
  Dodge: Dodged            |    22 |    79 |   255 |   478 |   994 |   396 ||  2224
  Block: Kite shield       |       |       |       |   456 |   881 |   350 ||  1687

Levels and vault maps discovered:
D:1:      minmay_arrival_stair_chambers, layout_loops_ring, minmay_tromino_v4_b
D:2:      layout_basic, basic_altar, uniq_sigmund
D:3:      kb_forest_paths, layout_basic
D:4:      layout_basic, lemuel_crystal_altar, serial_shops,
          nicolae_inconvenience_store, kennysheep_cross_bottleneck,
          kennysheep_minor_cross
D:5:      layout_rooms, grunt_ministairs_5, uniq_pikel, uniq_eustachio,
          uniq_edmund
D:6:      gammafunk_cloud_chamber, layout_gridville, jmf_multi_god_temple,
          minmay_temple_entry_gardened_gates, chequers_serial_rivers_micro_a,
          serial_park_tiny_1
D:7:      layout_rooms, cheibrodos_worm_habitat
D:8:      layout_cave_pools, nicolae_ru_the_path_less_chosen,
          minmay_lair_entry_grove
D:9:      layout_long_grid, serial_rivers, chequers_serial_rivers_micro_e,
          chequers_serial_rivers_micro_c, chequers_serial_rivers_small_a,
          chequers_serial_rivers_micro_a, chequers_serial_rivers_room_b,
          minmay_st_funbox, uniq_maggie, uniq_psyche
D:10:     layout_cave_pods, minmay_orc_entry_temple_small, serial_shops, shop,
          special_room [special_room_bee], uniq_amaemon
D:11:     layout_basic, uniq_harold, uniq_lodul
D:12:     layout_irregular_city, hangedman_decor_lopped, uniq_jorgrun
D:13:     layout_long_grid
D:14:     layout_roguey, grunt_vaults_entry_tiered, serial_bayou_shore_a,
          due_unseen_surprise, uniq_rupert, uniq_nessos
D:15:     gammafunk_enter_depths_forms, layout_rooms, enter_trove_3
Temple:   hellmonk_temple_divided_pantheon
Lair:1:   layout_hall_layers
Lair:2:   dreamdust_labyrinth, layout_cellular_growth, dummy_spider_entry
Lair:3:   layout_chaotic_city, shoals_dummy_entry, lemuel_fruit_tree
Lair:4:   layout_cave_shapes
Lair:5:   minmay_lair_end_enchanted_forest, layout_long_grid,
          nicolae_slime_entry_field_trip
Spider:1: layout_spider_delve, hangedman_spider_tarantella_strand
Spider:2: nicolae_spider_hilbert_zone_5 [nicolae_spider_hilbert_3_sides_1_open,
          nicolae_spider_hilbert_4_sides_1_open,
          nicolae_spider_hilbert_4_sides_1_open,
          nicolae_spider_hilbert_6_sides_1_open,
          nicolae_spider_hilbert_6_sides_1_open]
Spider:3: nicolae_spider_corner, ebering_ghost_disaster_area,
          nicolae_spider_solar_radiation
Spider:4: floodkiller_spider_rune_tomb, uniq_mara
Orc:1:    layout_caves, basic_altar, serial_shops, nicolae_shop_tiny_glass,
          uniq_nergalle
Orc:2:    st_orc_pillars, layout_caves, uniq_maurice

Notes
Turn   | Place    | Note
-------+----------+-------------------------------------------
     0 | D:1      | MackTheKnife the Oni Brigand began the quest for the Orb.
     0 | D:1      | Reached XP level 1. HP: 22/22 MP: 1/1
     0 | D:1      | magus.rc [v1.9.6]
    34 | D:1      | Reached skill level 3 in Fighting
   296 | D:1      | Reached XP level 2. HP: 28/32 MP: 2/2
   328 | D:1      | You pick up a book of Conjurations {@e2} and begin
                  | reading...
   328 | D:1      | You add the spells Magic Dart, Searing Ray and Fulminant
                  | Prism to your library.
   372 | D:1      | Reached skill level 4 in Fighting
   407 | D:1      | You pick up a book of Minor Magic and begin reading...
   407 | D:1      | You add the spells Blink and Call Imp to your library.
   561 | D:1      | Reached XP level 3. HP: 35/40 MP: 3/3
   586 | D:1      | You pick up a book of Dreams and begin reading...
   586 | D:1      | You add the spells Ensorcelled Hibernation, Fugue of the
                  | Fallen and Anguish to your library.
   755 | D:1      | Reached skill level 5 in Fighting
  1021 | D:2      | Reached XP level 4. HP: 45/50 MP: 4/4
  1041 | D:2      | Noticed Sigmund
  1177 | D:2      | Killed Sigmund
  1178 | D:2      | Reached skill level 7 in Fighting
  1178 | D:2      | Reached XP level 5. HP: 43/63 MP: 5/5
  1208 | D:2      | Reached skill level 8 in Fighting
  1208 | D:2      | Reached XP level 6. HP: 56/72 MP: 6/6
  1327 | D:2      | You pick up a book of the Wilderness and begin reading...
  1327 | D:2      | You add the spells Summon Forest, Summon Mana Viper and
                  | Summon Cactus Giant to your library.
  1335 | D:2      | You pick up a book of Flames and begin reading...
  1335 | D:2      | You add the spells Inner Flame, Sticky Flame and Flame Wave
                  | to your library.
  1438 | D:2      | Found a hide-covered altar of Uskayaw.
  1575 | D:2      | You pick up a book of Blood and begin reading...
  1575 | D:2      | You add the spells Sublimation of Blood and Summon Hydra to
                  | your library.
  3021 | D:4      | Reached skill level 9 in Fighting
  3084 | D:4      | Noticed an ice beast
  3101 | D:4      | Killed an ice beast
  3102 | D:4      | Reached XP level 7. HP: 79/84 MP: 7/7
  3322 | D:4      | Found Botoh's Weapon Shoppe.
  3336 | D:4      | Found a shadowy altar of Dithmenos.
  3344 | D:4      | Reached skill level 10 in Fighting
  3958 | D:5      | Entered Level 5 of the Dungeon
  3978 | D:5      | Noticed Edmund
  3995 | D:5      | Killed Edmund
  4047 | D:5      | Noticed Eustachio
  4060 | D:5      | Reached skill level 11 in Fighting
  4084 | D:5      | Killed Eustachio
  4128 | D:5      | Reached XP level 8. HP: 83/97 MP: 8/8
  4140 | D:5      | Reached skill level 12 in Fighting
  4673 | D:5      | Noticed Pikel
  4692 | D:4      | Killed Pikel
  4693 | D:4      | Reached skill level 14 in Fighting
  4917 | D:5      | You pick up a book of Armaments and begin reading...
  4917 | D:5      | You add the spells Stone Arrow, Animate Armour and
                  | Lehudib's Crystal Spear to your library.
  4990 | D:5      | Reached XP level 9. HP: 106/114 MP: 9/9
  5221 | D:5      | magus.rc [v1.9.6]
  5234 | D:5      | magus.rc [v1.9.6]
  5481 | D:6      | Reached skill level 15 in Fighting
  5481 | D:6      | Reached skill level 1 in Dodging
  5522 | D:6      | Found a transporter.
  5588 | D:6      | Found a transporter.
  5724 | D:6      | Reached skill level 2 in Dodging
  5751 | D:6      | Reached skill level 3 in Dodging
  6246 | D:6      | Found a staircase to the Ecumenical Temple.
  6255 | Temple   | Found a transporter.
  6255 | Temple   | Found a transporter.
  6255 | Temple   | Found a transporter.
  6255 | Temple   | Found a transporter.
  6255 | Temple   | Entered the Ecumenical Temple
  6271 | Temple   | Became a worshipper of Warmaster Okawaru
  6293 | D:6      | You add the spells Gell's Gravitas, Teleport Other and
                  | Dispersal to your library.
  6297 | D:6      | Found an ornate altar of the Wu Jian Council.
  6297 | D:6      | Found a glowing golden altar of the Shining One.
  6332 | D:6      | Reached skill level 1 in Shields
  6550 | D:6      | Reached skill level 2 in Shields
  6892 | D:6      | Reached skill level 3 in Shields
  7129 | Temple   | HP: 26/111 [orc warrior/+0 scimitar (18)]
  7131 | Temple   | Reached skill level 4 in Shields
  7135 | Temple   | HP: 25/111 [orc warrior/+0 scimitar (12)]
  7137 | Temple   | HP: 7/111 [orc warrior/+0 scimitar (11)]
  7138 | Temple   | Reached * piety under Okawaru
  7448 | D:6      | HP: 25/113 [acid (11)]
  7784 | D:7      | HP: 27/115 [centaur (3)]
  7787 | D:7      | Reached skill level 5 in Shields
  7788 | D:7      | HP: 13/115 [centaur (4)]
  7793 | D:7      | HP: 12/115 [centaur (3)]
  8151 | D:7      | Reached skill level 6 in Shields
  8151 | D:7      | Reached XP level 10. HP: 92/124 MP: 10/10
  8526 | D:7      | You pick up a book of Frost and begin reading...
  8526 | D:7      | You add the spells Freeze, Frozen Ramparts and Hailstorm to
                  | your library.
  8771 | D:7      | Found a snail-covered altar of Cheibriados.
  8788 | D:7      | Identified 4 scrolls of acquirement
  8788 | D:7      | Acquired a manual of Fighting
  8818 | D:6      | Acquired a +6 quick blade of draining
  8823 | D:6      | Acquired 842 gold pieces
  8825 | D:6      | Acquired 374 gold pieces
  9156 | D:8      | Noticed a two-headed ogre
  9166 | D:8      | Killed a two-headed ogre
  9166 | D:8      | Reached ** piety under Okawaru
  9167 | D:8      | Reached skill level 7 in Shields
  9173 | D:8      | HP: 30/120 [wight/+2 falchion (8)]
  9179 | D:8      | Reached skill level 16 in Fighting
  9579 | D:8      | Noticed a two-headed ogre
  9586 | D:8      | Killed a two-headed ogre
  9597 | D:8      | HP: 32/130 [poisoned by a killer bee]
  9602 | D:8      | HP: 32/130 [killer bee (2)]
  9604 | D:8      | Reached skill level 8 in Shields
  9866 | D:8      | Reached skill level 17 in Fighting
  9877 | D:8      | Reached *** piety under Okawaru
 10055 | D:8      | Found a sacrificial altar of Ru.
 10156 | D:8      | Found a staircase to the Lair.
 10160 | D:8      | Reached skill level 18 in Fighting
 10292 | D:8      | Reached XP level 11. HP: 128/143 MP: 11/11
 10297 | D:8      | Reached skill level 19 in Fighting
 10548 | D:9      | Reached **** piety under Okawaru
 10685 | D:9      | Reached skill level 20 in Fighting
 11129 | D:9      | Noticed Maggie
 11141 | D:9      | Killed Maggie
 11142 | D:9      | Reached skill level 21 in Fighting
 11243 | D:9      | Noticed Psyche
 11250 | D:9      | Noticed a two-headed ogre
 11252 | D:9      | Killed Psyche
 11260 | D:9      | Killed a two-headed ogre
 11260 | D:9      | Reached ***** piety under Okawaru
 11421 | D:9      | Found a runed translucent door.
 11422 | D:9      | Noticed a cyan ugly thing
 11656 | D:9      | Reached skill level 22 in Fighting
 11845 | D:9      | Killed a cyan ugly thing
 11846 | D:9      | Reached skill level 1 in Axes
 11855 | D:9      | Reached skill level 2 in Axes
 12011 | D:10     | Entered Level 10 of the Dungeon
 12011 | D:10     | Noticed Amaemon
 12012 | D:10     | Noticed a two-headed ogre
 12028 | D:9      | Killed Amaemon
 12029 | D:9      | Reached skill level 3 in Axes
 12126 | D:10     | Reached skill level 4 in Axes
 12178 | D:10     | You pick up a book of Iron and begin reading...
 12219 | D:10     | Found Gocof's Antique Weapon Emporium.
 12325 | D:10     | Reached skill level 5 in Axes
 12380 | D:10     | Reached skill level 6 in Axes
 12582 | D:10     | Reached XP level 12. HP: 157/163 MP: 12/12
 12706 | D:10     | Received a gift from Okawaru
 12873 | D:10     | You pick up a book of Vapours and begin reading...
 12873 | D:10     | You add the spells Mercury Vapours, Mephitic Cloud and
                  | Freezing Cloud to your library.
 13018 | D:10     | Killed a two-headed ogre
 13019 | D:10     | Reached skill level 7 in Axes
 13294 | D:10     | Found a staircase to the Orcish Mines.
 13511 | Lair:1   | Entered Level 1 of the Lair of Beasts
 13556 | Lair:1   | Reached skill level 8 in Axes
 13712 | Lair:1   | You fall into a shaft and drop 1 floor!
 13754 | Lair:2   | Reached skill level 9 in Axes
 13994 | Lair:1   | Received a gift from Okawaru
 14013 | Lair:1   | Reached skill level 10 in Axes
 14634 | Lair:2   | Found a runed translucent door.
 14707 | Lair:2   | Found a hole to the Spider Nest.
 14751 | Lair:2   | Reached skill level 4 in Dodging
 15379 | Lair:2   | Noticed a minotaur
 15396 | Lair:2   | Killed a minotaur
 15396 | Lair:2   | Reached ****** piety under Okawaru
 15396 | Lair:2   | Received a gift from Okawaru
 15397 | Lair:2   | Reached skill level 5 in Dodging
 15397 | Lair:2   | Reached skill level 9 in Shields
 15401 | Lair:2   | Acquired the +1 hat "Vofruuto" {Will+ rCorr Str-2 Int+2}
 15401 | Lair:2   | Received a gift from Okawaru
 15543 | Lair:2   | Acquired a +2 broad axe of freezing
 15543 | Lair:2   | Received a gift from Okawaru
 15694 | Lair:3   | Reached XP level 13. HP: 171/171 MP: 13/13
 15753 | Lair:3   | Reached skill level 6 in Dodging
 15875 | Lair:3   | Reached skill level 1 in Invocations
 16003 | Lair:3   | Found a staircase to the Shoals.
 16195 | Lair:3   | Reached skill level 2 in Invocations
 16451 | Lair:4   | You pick up a book of Spontaneous Combustion and begin
                  | reading...
 16451 | Lair:4   | You add the spells Irradiate and Ignition to your library.
 16715 | Lair:4   | Reached skill level 10 in Shields
 16715 | Lair:4   | Reached skill level 3 in Invocations
 16765 | Lair:4   | Reached skill level 7 in Dodging
 16882 | Lair:4   | Received a gift from Okawaru
 16883 | Lair:4   | Reached skill level 4 in Invocations
 17332 | Lair:4   | Reached skill level 5 in Invocations
 17567 | Lair:5   | Entered Level 5 of the Lair of Beasts
 17694 | Lair:5   | Reached skill level 6 in Invocations
 17725 | Lair:5   | Reached skill level 8 in Dodging
 17731 | Lair:5   | Received a gift from Okawaru
 17968 | Lair:5   | Found a staircase to the Slime Pits.
 17980 | Lair:5   | Reached skill level 7 in Invocations
 18447 | Lair:5   | Reached skill level 8 in Invocations
 18570 | Lair:5   | Reached XP level 14. HP: 119/182 MP: 14/20
 18577 | Lair:5   | Received a gift from Okawaru
 18802 | Lair:5   | Reached skill level 9 in Invocations
 19086 | Lair:5   | Reached skill level 11 in Axes
 19448 | Lair:5   | Reached skill level 10 in Invocations
 20029 | Orc:1    | Entered Level 1 of the Orcish Mines
 20089 | Orc:1    | Noticed Nergalle
 20090 | Orc:1    | Reached skill level 12 in Axes
 20113 | Orc:1    | Killed Nergalle
 20125 | Orc:1    | Received a gift from Okawaru
 20482 | Orc:2    | Entered Level 2 of the Orcish Mines
 21458 | Orc:2    | Noticed Maurice
 21468 | Orc:2    | Reached skill level 13 in Axes
 21714 | Orc:2    | Maurice changed into Maurice the ribbon worm
 21714 | Orc:2    | Noticed Maurice
 21718 | Orc:2    | Killed Maurice the ribbon worm
 21729 | Orc:2    | HP: 45/182 [orc/+0 trident (6)]
 22584 | Orc:2    | Found a staircase to the Elven Halls.
 22639 | Orc:2    | HP: 35/141 [orc priest/divine providence (8)]
 23428 | Orc:2    | Reached skill level 14 in Axes
 23781 | Orc:2    | Found Teceh's Antique Weapon Shoppe.
 23784 | Orc:2    | Found Ukic's Antique Weapon Emporium.
 23785 | Orc:2    | Found Rall's Magic Scroll Shoppe.
 23786 | Orc:2    | Found Lelatotu's Armour Shoppe.
 23789 | Orc:2    | Bought a scroll of blinking for 112 gold pieces
 23789 | Orc:2    | Bought a scroll of enchant armour for 112 gold pieces
 23789 | Orc:2    | Bought a scroll of identify for 30 gold pieces
 23789 | Orc:2    | Bought a scroll of identify for 30 gold pieces
 23789 | Orc:2    | Bought a scroll of identify for 30 gold pieces
 23998 | Orc:2    | Reached skill level 1 in Polearms
 23998 | Orc:2    | Reached XP level 15. HP: 173/180 MP: 22/22
 24166 | Orc:1    | Found Jiefosi's Distillery.
 24182 | Orc:1    | Bought a potion of heal wounds for 75 gold pieces
 24357 | Orc:2    | Bought the +8 demon trident "Rift" {distort, reach+} for
                  | 2957 gold pieces
 24357 | Orc:2    | Found the +8 demon trident "Rift" {distort, reach+,
                  | polearm}
 24536 | D:11     | Noticed Harold
 24548 | D:11     | Reached skill level 2 in Polearms
 24567 | D:11     | Killed Harold
 24594 | D:11     | Reached skill level 3 in Polearms
 24613 | D:11     | Noticed Lodul
 24619 | D:11     | Killed Lodul
 24681 | D:11     | Reached skill level 4 in Polearms
 25410 | D:12     | Reached skill level 5 in Polearms
 25420 | D:12     | Noticed Jorgrun
 25427 | D:12     | Aim: Jorgrun, wielding a +0 heavy quarterstaff and wearing
                  | a +2 robe of willpower (moderately wounded, about 33% to
                  | evade the +8 demon trident "Rift")
 25427 | D:12     | Aim: Jorgrun, wielding a +0 heavy quarterstaff and wearing
                  | a +2 robe of willpower (moderately wounded, about 33% to
                  | evade the +8 demon trident "Rift")
 25428 | D:12     | Aim: Jorgrun, wielding a +0 heavy quarterstaff and wearing
                  | a +2 robe of willpower (heavily wounded, about 33% to evade
                  | the +8 demon trident "Rift")
 25428 | D:12     | Aim: Jorgrun, wielding a +0 heavy quarterstaff and wearing
                  | a +2 robe of willpower (heavily wounded, about 33% to evade
                  | the +8 demon trident "Rift")
 25429 | D:12     | Aim: Jorgrun, wielding a +0 heavy quarterstaff and wearing
                  | a +2 robe of willpower (heavily wounded, about 33% to evade
                  | the +8 demon trident "Rift")
 25429 | D:12     | Aim: Jorgrun, wielding a +0 heavy quarterstaff and wearing
                  | a +2 robe of willpower (heavily wounded, about 33% to evade
                  | the +8 demon trident "Rift")
 25430 | D:12     | Aim: Jorgrun, wielding a +0 heavy quarterstaff and wearing
                  | a +2 robe of willpower (heavily wounded, about 33% to evade
                  | the +8 demon trident "Rift")
 25430 | D:12     | Aim: Jorgrun, wielding a +0 heavy quarterstaff and wearing
                  | a +2 robe of willpower (heavily wounded, about 33% to evade
                  | the +8 demon trident "Rift")
 25432 | D:12     | Killed Jorgrun
 25656 | D:12     | Reached skill level 6 in Polearms
 25910 | D:12     | Identified the +10 orcbow of the Shoals {freeze, Fly rCorr}
 26227 | D:13     | Reached skill level 7 in Polearms
 27025 | D:14     | Noticed Rupert
 27043 | D:14     | Killed Rupert
 27043 | D:14     | Received a gift from Okawaru
 27044 | D:14     | Reached skill level 8 in Polearms
 27219 | D:14     | Reached skill level 9 in Polearms
 27228 | D:14     | Noticed Nessos
 27238 | D:14     | Killed Nessos
 27558 | D:14     | Reached skill level 10 in Polearms
 27575 | D:14     | Found a gate to the Vaults.
 27590 | D:14     | Aim: an arcanist, wielding a +0 dagger and wearing a +0
                  | robe (moderately wounded, fast, about 26% to evade the +8
                  | demon trident "Rift")
 27591 | D:14     | Aim: an arcanist, wielding a +0 dagger and wearing a +0
                  | robe (heavily wounded, fast, about 26% to evade the +8
                  | demon trident "Rift")
 27591 | D:14     | Aim: an arcanist, wielding a +0 dagger and wearing a +0
                  | robe (heavily wounded, fast, about 26% to evade the +8
                  | demon trident "Rift")
 27592 | D:14     | Aim: an arcanist, wielding a +0 dagger and wearing a +0
                  | robe (severely wounded, fast, about 26% to evade the +8
                  | demon trident "Rift")
 27592 | D:14     | Aim: an arcanist, wielding a +0 dagger and wearing a +0
                  | robe (severely wounded, fast, about 26% to evade the +8
                  | demon trident "Rift")
 27601 | D:14     | Aim: a vault guard, wielding a +0 war axe and wearing a +0
                  | plate armour (about 21% to evade the +8 demon trident
                  | "Rift")
 27601 | D:14     | Aim: a vault guard, wielding a +0 war axe and wearing a +0
                  | plate armour (about 21% to evade the +8 demon trident
                  | "Rift")
 27601 | D:14     | Aim: an arcanist, wielding a +0 dagger and wearing a +0
                  | robe (almost dead, fast, about 26% to evade the +8 demon
                  | trident "Rift")
 27602 | D:14     | Aim: a vault guard, wielding a +0 war axe and wearing a +0
                  | plate armour (about 21% to evade the +8 demon trident
                  | "Rift")
 27602 | D:14     | Aim: a vault guard, wielding a +0 war axe and wearing a +0
                  | plate armour (about 21% to evade the +8 demon trident
                  | "Rift")
 27603 | D:14     | Aim: a vault guard, wielding a +0 war axe and wearing a +0
                  | plate armour (moderately wounded, about 21% to evade the +8
                  | demon trident "Rift")
 27603 | D:14     | Aim: a vault guard, wielding a +0 war axe and wearing a +0
                  | plate armour (moderately wounded, about 21% to evade the +8
                  | demon trident "Rift")
 27604 | D:14     | Aim: a vault guard, wielding a +0 war axe and wearing a +0
                  | plate armour (heavily wounded, about 21% to evade the +8
                  | demon trident "Rift")
 27604 | D:14     | Aim: a vault guard, wielding a +0 war axe and wearing a +0
                  | plate armour (heavily wounded, about 21% to evade the +8
                  | demon trident "Rift")
 27605 | D:14     | Aim: a vault guard, wielding a +0 war axe and wearing a +0
                  | plate armour (heavily wounded, about 21% to evade the +8
                  | demon trident "Rift")
 27605 | D:14     | Aim: a vault guard, wielding a +0 war axe and wearing a +0
                  | plate armour (heavily wounded, about 21% to evade the +8
                  | demon trident "Rift")
 27606 | D:14     | Aim: a vault guard, wielding a +0 war axe and wearing a +0
                  | plate armour (severely wounded, about 21% to evade the +8
                  | demon trident "Rift")
 27606 | D:14     | Aim: a vault guard, wielding a +0 war axe and wearing a +0
                  | plate armour (severely wounded, about 21% to evade the +8
                  | demon trident "Rift")
 27607 | D:14     | Aim: a vault guard, wielding a +0 war axe and wearing a +0
                  | plate armour (severely wounded, about 21% to evade the +8
                  | demon trident "Rift")
 27607 | D:14     | Aim: a vault guard, wielding a +0 war axe and wearing a +0
                  | plate armour (severely wounded, about 21% to evade the +8
                  | demon trident "Rift")
 27608 | D:14     | Aim: a vault guard, wielding a +2 dire flail and wearing a
                  | +0 plate armour (moderately wounded, about 21% to evade the
                  | +8 demon trident "Rift")
 27608 | D:14     | Aim: a vault guard, wielding a +2 dire flail and wearing a
                  | +0 plate armour (moderately wounded, about 21% to evade the
                  | +8 demon trident "Rift")
 27609 | D:14     | Aim: a vault guard, wielding a +2 dire flail and wearing a
                  | +0 plate armour (severely wounded, about 21% to evade the
                  | +8 demon trident "Rift")
 27609 | D:14     | Aim: a vault guard, wielding a +2 dire flail and wearing a
                  | +0 plate armour (severely wounded, about 21% to evade the
                  | +8 demon trident "Rift")
 28226 | D:15     | Entered Level 15 of the Dungeon
 28426 | D:15     | Reached skill level 11 in Polearms
 28447 | D:15     | Found a portal to a secret trove of treasure.
 28606 | D:15     | Reached XP level 16. HP: 200/200 MP: 23/23
 28624 | D:15     | Received a gift from Okawaru
 28706 | D:15     | Found a staircase to the Depths.
 28793 | D:15     | Reached skill level 12 in Polearms
 29207 | D:15     | You pick up a book of Spatial Translocations and begin
                  | reading...
 29207 | D:15     | You add the spells Momentum Strike and Lesser Beckoning to
                  | your library.
 29408 | Lair:1   | magus.rc [v1.9.6]
 29461 | Spider:1 | Entered Level 1 of the Spider Nest
 30726 | Spider:2 | Received a gift from Okawaru
 31226 | Spider:2 | Reached skill level 9 in Dodging
 31412 | Spider:2 | Reached skill level 23 in Fighting
 31463 | Spider:2 | Received a gift from Okawaru
 31643 | Spider:2 | Reached skill level 11 in Shields
 32045 | Spider:2 | You pick up a book of Flames and begin reading...
 32495 | Spider:3 | Reached XP level 17. HP: 213/213 MP: 24/24
 32708 | Spider:3 | HP: 53/213 [redback (3)]
 32709 | Spider:3 | HP: 22/213 [jumping spider (9)]
 32808 | Spider:3 | Reached skill level 10 in Dodging
 32892 | Spider:3 | Received a gift from Okawaru
 33266 | Spider:3 | Found a large runed translucent door.
 33266 | Spider:3 | Found a large runed translucent door.
 33267 | Spider:3 | Noticed Isoiwki's ghost (adept GrEE)
 33317 | Spider:3 | Reached skill level 12 in Shields
 33364 | Spider:3 | Reached skill level 24 in Fighting
 33371 | Spider:3 | Reached skill level 1 in Shapeshifting
 33422 | Spider:3 | Reached skill level 2 in Shapeshifting
 33628 | Spider:3 | HP: 43/201 [demonic crawler (9)]
 33630 | Spider:3 | Reached skill level 3 in Shapeshifting
 33633 | Spider:3 | HP: 38/205 [wolf spider (6)]
 34020 | Spider:3 | Reached skill level 4 in Shapeshifting
 34196 | Spider:3 | Reached skill level 5 in Shapeshifting
 34433 | Spider:3 | Received a gift from Okawaru
 34789 | Spider:4 | Entered Level 4 of the Spider Nest
 34810 | Spider:3 | Reached skill level 6 in Shapeshifting
 35022 | Spider:4 | Noticed Mara
 35199 | Spider:4 | Noticed MackTheKnife's illusion
 35262 | Spider:4 | Reached skill level 7 in Shapeshifting
 35543 | Spider:4 | Aim: a meliai, wielding a +0 war axe and wearing a +0 robe
                  | (almost dead, about 30% to evade the +8 demon trident
                  | "Rift")
 35543 | Spider:4 | Aim: a meliai, wielding a +0 war axe and wearing a +0 robe
                  | (almost dead, about 30% to evade the +8 demon trident
                  | "Rift")
 35544 | Spider:4 | Aim: a meliai, wielding a +0 war axe and wearing a +0 robe
                  | (almost dead, about 30% to evade the +8 demon trident
                  | "Rift")
 35544 | Spider:4 | Aim: a meliai, wielding a +0 war axe and wearing a +0 robe
                  | (almost dead, about 30% to evade the +8 demon trident
                  | "Rift")
 35545 | Spider:4 | Aim: a meliai, wielding a +0 war axe and wearing a +0 robe
                  | (almost dead, about 30% to evade the +8 demon trident
                  | "Rift")
 35545 | Spider:4 | Aim: a meliai, wielding a +0 war axe and wearing a +0 robe
                  | (almost dead, about 30% to evade the +8 demon trident
                  | "Rift")
 35570 | Spider:4 | Reached skill level 8 in Shapeshifting
 35570 | Spider:4 | Reached XP level 18. HP: 72/224 MP: 25/25
 35863 | Spider:4 | Noticed MackTheKnife's illusion
 35869 | Spider:4 | Aim: Mara, wielding a +2 demon trident of pain and wearing
                  | a +0 robe (lightly wounded, about 28% to evade the +8 demon
                  | trident "Rift")
 35870 | Spider:4 | Aim: Mara, wielding a +2 demon trident of pain and wearing
                  | a +0 robe (heavily wounded, about 28% to evade the +8 demon
                  | trident "Rift")
 35870 | Spider:4 | Aim: Mara, wielding a +2 demon trident of pain and wearing
                  | a +0 robe (heavily wounded, about 28% to evade the +8 demon
                  | trident "Rift")
 35871 | Spider:4 | Aim: Mara, wielding a +2 demon trident of pain and wearing
                  | a +0 robe (heavily wounded, inner flame, about 28% to evade
                  | the +8 demon trident "Rift")
 35871 | Spider:4 | Aim: Mara, wielding a +2 demon trident of pain and wearing
                  | a +0 robe (heavily wounded, inner flame, about 28% to evade
                  | the +8 demon trident "Rift")
 35871 | Spider:4 | Aim: Mara, wielding a +2 demon trident of pain and wearing
                  | a +0 robe (lightly wounded, inner flame, about 28% to evade
                  | the +8 demon trident "Rift")
 35876 | Spider:4 | HP: 56/224 [Mara (illusionary)/+2 demon trident of pain
                  | (26)]
 35878 | Spider:4 | Killed from afar by Mara (illusionary)

Vanquished Creatures
  Rupert (D:14)
  Jorgrun (D:12)
  4 emperor scorpions
  A ghost moth (Spider:2)
  2 broodmothers
  Nessos (D:14)
  2 spark wasps
  A minotaur (Lair:2)
  A rakshasa (D:15)
  A great orb of eyes (D:15)
  Harold (D:11)
  3 entropy weavers (Spider:3)
  5 radroaches
  2 centaur warriors (D:15)
  3 hydras
  A vault guard (D:14)
  4 jorogumos
  7 two-headed ogres
  An ogre mage (D:15)
  5 boulder beetles
  4 death yaks (Lair:5)
  9 demonic crawlers
  5 orc high priests
  Nergalle (Orc:1)
  Amaemon (D:9)
  A skyshark (Lair:5)
  5 pharaoh ants
  An arcanist (D:14)
  Lodul (D:11)
  9 orb spiders
  5 sun moths
  A necromancer (D:14)
  Pikel (D:4)
  A lindwurm (Lair:5)
  4 steelbarb worms
  A spectral wolf spider (Spider:4)
  8 orc knights
  13 ugly things
  A deep elf pyromancer (D:14)
  3 orc sorcerers
  19 wolf spiders
  4 cyclopes
  2 manticores
  6 elephants (Lair:1)
  3 moths of wrath
  5 kobold blastminers
  3 meliai (Spider:4)
  5 black mambas
  An orange demon (D:10)
  5 cane toads
  4 torpor snails
  Maggie (D:9)
  3 kobold demonologists (D:12)
  Psyche (D:9)
  4 tengu conjurers (D:13)
  10 komodo dragons
  7 trolls
  3 hornets
  A queen bee (D:10)
  4 polar bears
  18 tarantellas
  20 blink frogs
  8 dream sheep (Lair:5)
  A centaur simulacrum (D:14)
  Sigmund (D:2)
  31 slime creatures
  28 jumping spiders
  28 culicivoras
  11 spriggans (Lair:5)
  A shadow (D:12)
  A water elemental (D:14)
  4 wyverns
  A culicivora (shapeshifter) (D:15)
  17 humans (D:14)
  3 basilisks
  56 yaks
  A wraith (D:13)
  2 wargs
  4 steam dragons
  Eustachio (D:5)
  42 redbacks
  Edmund (D:5)
  An acid dragon (D:10)
  8 water moccasins
  38 orc warriors
  7 black bears
  2 laughing skulls (D:14)
  A sky beast (D:7)
  5 ice beasts
  12 ogres
  23 wolves
  4 boggarts (Lair:5)
  8 centaurs
  5 kobold brigands
  11 bullfrogs
  5 gnoll sergeants
  6 scorpions
  11 wights
  34 killer bees
  An electric eel (D:14)
  7 howler monkeys
  6 hounds
  A gnoll bouda (D:5)
  33 orc priests
  10 jellies
  6 iguanas
  20 orc wizards
  8 adders
  21 gnolls
  2 shadow imps
  A white imp (D:8)
  2 ufetubi (D:6)
  3 dart slugs
  2 ribbon worms
  62 orcs
  9 endoplasms
  4 giant cockroaches
  12 goblins
  13 hobgoblins
  12 jackals
  22 kobolds
  3 quokkas
  7 ball pythons
  9 bats
  A frilled lizard (D:1)
  4 rats
955 creatures vanquished.

Vanquished Creatures (others)
  A wolf spider (Spider:3)
  A redback (Spider:3)
  An orc wizard (Orc:2)
  An orc (Orc:1)
4 creatures vanquished.

Grand Total: 959 creatures vanquished

Table legend:
 A = Non-vault XP
 B = Vault XP
 C = Vault XP percentage of total XP
 D = Non-vault monster count
 E = Vault monster count
 F = Vault count percentage of total count
                 A         B        C        D         E       F
            +---------+---------+-------+---------+---------+-------
      Total |  166157 |   80793 |  32.7 |     714 |     289 |  28.8
            +---------+---------+-------+---------+---------+-------
        D:1 |      51 |       2 |   3.8 |      30 |       1 |   3.2
        D:2 |     128 |     231 |  64.3 |      26 |       1 |   3.7
        D:3 |      33 |      14 |  29.8 |      18 |       6 |  25.0
        D:4 |     340 |     673 |  66.4 |      25 |       1 |   3.8
        D:5 |     648 |     481 |  42.6 |      14 |       4 |  22.2
        D:6 |    1146 |     450 |  28.2 |      30 |       5 |  14.3
        D:7 |     985 |       4 |   0.4 |      15 |       1 |   6.2
        D:8 |    2835 |    1773 |  38.5 |      28 |      10 |  26.3
        D:9 |    2887 |    2938 |  50.4 |      35 |      12 |  25.5
       D:10 |    1883 |    2518 |  57.2 |      16 |      33 |  67.3
       D:11 |    2311 |    2591 |  52.9 |      12 |      10 |  45.5
       D:12 |    7391 |    1868 |  20.2 |      28 |       1 |   3.4
       D:13 |    4687 |       0 |   0.0 |      14 |       0 |   0.0
       D:14 |    6652 |   10164 |  60.4 |      17 |      27 |  61.4
       D:15 |   15469 |    4993 |  24.4 |      33 |      11 |  25.0
     Temple |     218 |       0 |   0.0 |       3 |       0 |   0.0
     Lair:1 |    5600 |       0 |   0.0 |      20 |       0 |   0.0
     Lair:2 |    4405 |     975 |  18.1 |      19 |       1 |   5.0
     Lair:3 |    5908 |       0 |   0.0 |      22 |       0 |   0.0
     Lair:4 |    8338 |       0 |   0.0 |      35 |       0 |   0.0
     Lair:5 |   13561 |    7610 |  35.9 |      37 |      49 |  57.0
   Spider:1 |    7391 |     277 |   3.6 |      26 |       1 |   3.7
   Spider:2 |   25958 |    3487 |  11.8 |      65 |       6 |   8.5
   Spider:3 |   25185 |   27095 |  51.8 |      60 |      43 |  41.7
   Spider:4 |   13074 |    1439 |   9.9 |      29 |       3 |   9.4
      Orc:1 |    5221 |    1672 |  24.3 |      32 |       6 |  15.8
      Orc:2 |    3852 |    9538 |  71.2 |      25 |      57 |  69.5
            +---------+---------+-------+---------+---------+-------

Skill      XL: |  1  2  3  4  5  6  7  8  9 10 11 12 13 14 15 16 17 |
---------------+----------------------------------------------------+-----
Fighting       | 3 4 5 7 8 9 11 14 15 18 22 23 24 | 24.0
Dodging        | 3 5 8 9 10 | 10.0
Shields        | 6 8 9 10 11 12 | 12.0
Axes           | 6 10 14 | 14.3
Invocations    | 8 10 | 10.0
Polearms       | 1 11 12 | 12.9
Shapeshifting  | 8 |  8.3
Short Blades   | |  1.7
Throwing       | |  2.0
Stealth        | |  2.9

Action                     |  1- 3 |  4- 6 |  7- 9 | 10-12 | 13-15 | 16-18 || total
---------------------------+-------+-------+-------+-------+-------+-------++-------
  Melee: Dagger            |    81 |   153 |   358 |    43 |       |       ||   635
         Headbutt          |    18 |    26 |    91 |   274 |   537 |   148 ||  1094
         Punch             |     1 |     2 |     2 |       |       |       ||     5
         Flail             |       |       |    33 |       |       |       ||    33
         Quick blade       |       |       |       |  1086 |  1510 |       ||  2596
         Broad axe         |       |       |       |       |   186 |       ||   186
         Demon trident     |       |       |       |       |   464 |   969 ||  1433
  Throw: Dart              |     2 |     3 |    12 |     3 |     3 |     1 ||    24
 Invoke: Receive Weapon    |       |       |       |     1 |       |       ||     1
         Receive Armour    |       |       |       |     1 |       |       ||     1
         Heroism           |       |       |       |       |    14 |     5 ||    19
         Finesse           |       |       |       |       |    11 |     4 ||    15
  Evoke: Wand              |       |       |       |     8 |     5 |       ||    13
         Phial of floods   |       |       |       |       |     1 |     1 ||     2
         Tin of tremorston |       |       |       |       |       |     1 ||     1
    Use: Scroll            |       |     2 |     8 |    14 |    13 |     7 ||    44
         Potion            |       |       |     4 |       |     5 |     4 ||    13
   Stab: Sleeping          |     6 |     5 |     7 |     3 |     8 |     5 ||    34
         Distracted        |       |       |     1 |     2 |     4 |     3 ||    10
         Invisible         |       |       |       |     8 |     1 |       ||     9
 Armour: Robe              |    39 |   106 |   282 |   138 |       |       ||   565
         Steam dragon scal |       |       |       |    67 |       |       ||    67
         Acid dragon scale |       |       |       |   115 |   518 |   386 ||  1019
  Dodge: Dodged            |    22 |    79 |   255 |   478 |   994 |   396 ||  2224
  Block: Kite shield       |       |       |       |   456 |   881 |   350 ||  1687

Illustrated notes

Table legend:
 A = Kills in this place as a percentage of kills in the entire game.
 B = Kills by you in this place as a percentage of kills by you in the entire game.
 C = Kills by friends in this place as a percentage of kills by friends in the entire game.
 D = Other kills in this place as a percentage of other kills in the entire game.
 E = Experience gained in this place as a percentage of experience gained in the entire game.
 F = Experience gained in this place divided by the number of levels of this place that you have seen.
                   A       B       C       D       E      F
               +-------+-------+-------+-------+-------+----------------------
         Total | 100.0 | 100.0 |   N/A | 100.0 | 100.0 | 9146.3
       Dungeon |  46.3 |  46.7 |   N/A |  37.5 |  30.8 | 5076.4
        Temple |   0.3 |   0.3 |   N/A |   0.0 |   0.1 | 218.0
          Lair |  18.2 |  19.2 |   N/A |   0.0 |  18.8 | 9279.4
   Spider Nest |  23.2 |  21.4 |   N/A |  60.4 |  42.1 | 25976.5
  Orcish Mines |  12.0 |  12.5 |   N/A |   2.1 |   8.2 | 10141.5
               +-------+-------+-------+-------+-------+----------------------

Table legend: (Time is in decaauts)
 A = Elapsed time spent in this place.
 B = Non-inter-level travel time spent in this place.
 C = Inter-level travel time spent in this place.
 D = Time resting spent in this place.
 E = Time spent auto-exploring this place.
 F = Levels seen in this place.
 G = Mean time per level.
                   A        B        C        D        E       F      G
               +--------+--------+--------+--------+--------+-----+--------+
         Total |  35600 |  34171 |   1429 |   9719 |  17859 |  27 | 1318.5 |
       Dungeon |  18375 |  17637 |    738 |   3984 |  10453 |  15 | 1225.0 |
        Temple |    261 |    261 |      0 |    209 |      0 |   1 |  261.0 |
          Lair |   6593 |   6300 |    293 |   1573 |   3312 |   5 | 1318.6 |
   Spider Nest |   6134 |   6022 |    112 |   1934 |   3027 |   4 | 1533.5 |
  Orcish Mines |   4236 |   3951 |    285 |   2019 |   1067 |   2 | 2118.0 |
               +--------+--------+--------+--------+--------+-----+--------+

Top non-repeatable levels by time:
Spider:3: 2838 daAuts
   Orc:2: 2573 daAuts
     D:6: 2484 daAuts
  Lair:5: 2121 daAuts
Spider:2: 1815 daAuts
     D:9: 1759 daAuts
   Orc:1: 1662 daAuts
    D:10: 1569 daAuts
     D:7: 1519 daAuts
  Lair:4: 1375 daAuts
     D:4: 1286 daAuts
  Lair:2: 1214 daAuts
    D:14: 1167 daAuts
     D:5: 1084 daAuts
  Lair:1: 1062 daAuts
